ESL (28 & UNDER)
RIO GRANDE RATTLESNAKE @ NEWARK BULLDOGS
09/19/2026
 
TOP OF THE 1ST
Rio Grande Rattlesnake batting - Pitching for Newark Bulldogs : LHP Joseph Byrne
Pitching: LHP Joseph Byrne
Batting: RHB Doug Delaney 0-0: Called Strike
0-1: Foul Ball, location: 2F
0-2: Ball
1-2: TRIPLE (Flyball, 8LXD)
Batting: RHB Billy Mullins 0-0: Called Strike
0-1: Ball
1-1: SINGLE (Line Drive, 5D)
Doug Delaney scores
Batting: SHB Douglas Taylor 0-0: SINGLE (Line Drive, 8RS)
Billy Mullins to second
Batting: RHB Max Jones 0-0: Ball
1-0: Swinging Strike
1-1: Ball
2-1: Fly out, F7 (Flyball, 7D)
Runner from 2nd tags up, SAFE at 3rd, no throw
Batting: RHB Hollis Wood 0-0: Ball
1-0: Ball
2-0: Fly out, F8 (Flyball, 8LM)
Runner from 3rd tags up, SCORES, throw made
Batting: SHB William Daly 0-0: Called Strike
Douglas Taylor is caught stealing 2nd base
Top of the 1st over - 2 run(s), 3 hit(s), 0 error(s), 0 left on base; Rio Grande 2 - Newark 0
BOTTOM OF THE 1ST
Newark Bulldogs batting - Pitching for Rio Grande Rattlesnake : RHP Curt Watkins
Pitching: RHP Curt Watkins
Batting: RHB Larry Booth 0-0: Ball
1-0: Ball
2-0: Ball
3-0: Called Strike
3-1: Base on Balls
Batting: LHB Rocky Whitcomb 0-0: Grounds into double play, U4-3 (Groundball, 4M)
Batting: RHB Emílio Salas 0-0: Foul Ball, location: 2F
0-1: Ball
1-1: Foul Ball, location: 2F
1-2: Strikes out swinging
Bottom of the 1st over - 0 run(s), 0 hit(s), 0 error(s), 0 left on base; Rio Grande 2 - Newark 0
TOP OF THE 2ND
Rio Grande Rattlesnake batting - Pitching for Newark Bulldogs : LHP Joseph Byrne
Batting: SHB William Daly 0-0: Ball
1-0: Ball
2-0: Called Strike
2-1: Foul Ball, location: 2F
2-2: Ball
3-2: Foul Ball, location: 2F
3-2: Ground out 4-3 (Groundball, 4)
Batting: RHB Jeff Bane 0-0: SINGLE (Groundball, 34)
Batting: RHB Juan López 0-0: Ball
Jeff Bane is caught stealing 2nd base
1-0: Ball
2-0: Called Strike
2-1: Called Strike
2-2: SINGLE (Flyball, 9LS)
Batting: RHB Maresuke Yoshida 0-0: Called Strike
0-1: SINGLE (Groundball, 56D) (infield hit)
Juan López to second
Batting: RHB Doug Delaney 0-0: Foul Ball, location: 2F
0-1: Ball
1-1: Foul Ball, location: 2F
1-2: Ball
2-2: Foul Ball, location: 2F
2-2: Ball
3-2: Foul Ball, location: 2F
3-2: Ground out 5-3 (Groundball, 5S)
Top of the 2nd over - 0 run(s), 3 hit(s), 0 error(s), 2 left on base; Rio Grande 2 - Newark 0
BOTTOM OF THE 2ND
Newark Bulldogs batting - Pitching for Rio Grande Rattlesnake : RHP Curt Watkins
Batting: RHB Randy Simons 0-0: Called Strike
0-1: Foul Ball, location: 2F
0-2: Ball
1-2: Strikes out looking
Batting: LHB Marvin Morris 0-0: Ball
1-0: Called Strike
1-1: Fly out, F9 (Flyball, 89S)
Batting: LHB Owen Moreno 0-0: Ball
1-0: Called Strike
1-1: Foul Ball, location: 2F
1-2: Foul Ball, location: 2F
1-2: Strikes out looking
Bottom of the 2nd over - 0 run(s), 0 hit(s), 0 error(s), 0 left on base; Rio Grande 2 - Newark 0
TOP OF THE 3RD
Rio Grande Rattlesnake batting - Pitching for Newark Bulldogs : LHP Joseph Byrne
Batting: RHB Billy Mullins 0-0: Ball
1-0: Called Strike
1-1: Ball
2-1: Ground out 1-3 (Groundball, 13S)
Batting: SHB Douglas Taylor 0-0: Ball
1-0: Called Strike
1-1: Ground out 6-3 (Groundball, 6)
Batting: RHB Max Jones 0-0: Ball
1-0: Ball
2-0: Fly out, F3 (Popup, 3)
Top of the 3rd over - 0 run(s), 0 hit(s), 0 error(s), 0 left on base; Rio Grande 2 - Newark 0
BOTTOM OF THE 3RD
Newark Bulldogs batting - Pitching for Rio Grande Rattlesnake : RHP Curt Watkins
Batting: RHB Leonardo Pinto 0-0: SINGLE (Line Drive, 7S)
Batting: RHB Carl Byrd 0-0: Foul Ball, location: 2F
0-1: Ball
1-1: Ball
2-1: Foul Ball, location: 2F
2-2: Strikes out swinging
Batting: RHB Pablo Gómez 0-0: Ball
1-0: Called Strike
1-1: Foul Ball, location: 2F
1-2: SINGLE (Line Drive, 6MD)
Leonardo Pinto to second
Batting: RHB Larry Booth 0-0: Called Strike
0-1: Foul Ball, location: 2F
0-2: Ball
1-2: SINGLE (Groundball, 5S) (infield hit)
Leonardo Pinto to third
Pablo Gómez to second
Batting: LHB Rocky Whitcomb 0-0: Called Strike
0-1: Ball
1-1: Ball
2-1: Ball
3-1: Swinging Strike
3-2: Strikes out swinging
Batting: RHB Emílio Salas 0-0: Fly out, F4 (Popup, 4D)
Bottom of the 3rd over - 0 run(s), 3 hit(s), 0 error(s), 3 left on base; Rio Grande 2 - Newark 0
TOP OF THE 4TH
Rio Grande Rattlesnake batting - Pitching for Newark Bulldogs : LHP Joseph Byrne
Batting: RHB Hollis Wood 0-0: Ball
1-0: Ball
2-0: Called Strike
2-1: Ball
3-1: Foul Ball, location: 2F
3-2: Strikes out swinging
Batting: SHB William Daly 0-0: Called Strike
0-1: Called Strike
0-2: Ball
1-2: Foul Ball, location: 2F
1-2: Ball
2-2: Strikes out swinging
Batting: RHB Jeff Bane 0-0: Called Strike
0-1: Fly out, F7 (Flyball, 7LS)
Top of the 4th over - 0 run(s), 0 hit(s), 0 error(s), 0 left on base; Rio Grande 2 - Newark 0
BOTTOM OF THE 4TH
Newark Bulldogs batting - Pitching for Rio Grande Rattlesnake : RHP Curt Watkins
Batting: RHB Randy Simons 0-0: Foul Ball, location: 2F
0-1: Called Strike
0-2: Ball
1-2: Strikes out looking
Batting: LHB Marvin Morris 0-0: Ball
1-0: Foul Ball, location: 2F
1-1: Fly out, F5 (Popup, 25)
Batting: LHB Owen Moreno 0-0: Ball
1-0: Ball
2-0: Called Strike
2-1: Foul Ball, location: 2F
2-2: Strikes out looking
Bottom of the 4th over - 0 run(s), 0 hit(s), 0 error(s), 0 left on base; Rio Grande 2 - Newark 0
TOP OF THE 5TH
Rio Grande Rattlesnake batting - Pitching for Newark Bulldogs : LHP Joseph Byrne
Batting: RHB Juan López 0-0: Ground out 6-3 (Groundball, 6)
Batting: RHB Maresuke Yoshida 0-0: Ball
1-0: Called Strike
1-1: SOLO HOME RUN (Flyball, 7D), Distance : 367 ft
Batting: RHB Doug Delaney 0-0: Ball
1-0: Foul Ball, location: 2F
1-1: Fly out, F4 (Popup, 34)
Batting: RHB Billy Mullins 0-0: Called Strike
0-1: Ball
1-1: Reached on error, E6 (Groundball, 6)
Batting: SHB Douglas Taylor 0-0: Swinging Strike
0-1: Swinging Strike
0-2: Ball
1-2: Foul Ball, location: 2F
1-2: Strikes out swinging
Top of the 5th over - 1 run(s), 1 hit(s), 1 error(s), 1 left on base; Rio Grande 3 - Newark 0
BOTTOM OF THE 5TH
Newark Bulldogs batting - Pitching for Rio Grande Rattlesnake : RHP Curt Watkins
Batting: RHB Leonardo Pinto 0-0: Ground out 5-3 (Groundball, 5L)
Batting: RHB Carl Byrd 0-0: Swinging Strike
0-1: Called Strike
0-2: Ball
1-2: Ground out U3 (Groundball, 3L)
Batting: RHB Pablo Gómez 0-0: Fly out, F6 (Popup, 6)
Bottom of the 5th over - 0 run(s), 0 hit(s), 0 error(s), 0 left on base; Rio Grande 3 - Newark 0
TOP OF THE 6TH
Rio Grande Rattlesnake batting - Pitching for Newark Bulldogs : LHP Joseph Byrne
Batting: RHB Max Jones 0-0: Foul Ball, location: 2F
0-1: Ball
1-1: SOLO HOME RUN (Flyball, 7D), Distance : 369 ft
Batting: RHB Hollis Wood 0-0: Called Strike
0-1: Hit by Pitch
Batting: SHB William Daly 0-0: Ball
1-0: Foul Ball, location: 2F
1-1: Fly out, F7 (Flyball, 78M)
Batting: RHB Jeff Bane 0-0: Swinging Strike
0-1: Ball
1-1: Ball
2-1: Ball
3-1: Base on Balls
Hollis Wood to second
Batting: RHB Juan López 0-0: Fly out, F4 (Popup, 34D)
Batting: RHB Maresuke Yoshida 0-0: Swinging Strike
0-1: Called Strike
0-2: Strikes out swinging
Top of the 6th over - 1 run(s), 1 hit(s), 0 error(s), 2 left on base; Rio Grande 4 - Newark 0
BOTTOM OF THE 6TH
Newark Bulldogs batting - Pitching for Rio Grande Rattlesnake : RHP Curt Watkins
Batting: RHB Larry Booth 0-0: Ball
1-0: Ball
2-0: Ball
3-0: Called Strike
3-1: Base on Balls
Batting: LHB Rocky Whitcomb 0-0: Ball
Larry Booth steals 2nd base
1-0: Ball
2-0: Ground out 4-3 (Groundball, 4)
Larry Booth to third
Batting: RHB Emílio Salas 0-0: Ball
1-0: Called Strike
1-1: Swinging Strike
1-2: Ball
2-2: Strikes out looking
Batting: RHB Randy Simons 0-0: Ball
1-0: Ball
2-0: Foul Ball, location: 2F
2-1: Foul Ball, location: 2F
2-2: Ball
3-2: Strikes out swinging
Bottom of the 6th over - 0 run(s), 0 hit(s), 0 error(s), 1 left on base; Rio Grande 4 - Newark 0
TOP OF THE 7TH
Rio Grande Rattlesnake batting - Pitching for Newark Bulldogs : LHP Joseph Byrne
Pitching: RHP Jim Cook
Batting: RHB Doug Delaney 0-0: Called Strike
0-1: Called Strike
0-2: Ball
1-2: Foul Ball, location: 2F
1-2: Ball
2-2: Ball
3-2: SINGLE (Groundball, 3D)
Batting: RHB Billy Mullins 0-0: Ball
1-0: Ball
2-0: Ball
3-0: Called Strike
3-1: Base on Balls
Doug Delaney to second
Batting: SHB Douglas Taylor 0-0: Ball
1-0: Called Strike
1-1: Foul Ball, location: 2F
1-2: Ball
2-2: Fly out, F9 (Flyball, 9M)
Batting: RHB Max Jones 0-0: Called Strike
0-1: Swinging Strike
0-2: Ball
1-2: Fly out, F7 (Flyball, 7D)
Batting: RHB Hollis Wood 0-0: Called Strike
0-1: Ball
1-1: Ball
2-1: Ground out 6-3 (Groundball, 6)
Top of the 7th over - 0 run(s), 1 hit(s), 0 error(s), 2 left on base; Rio Grande 4 - Newark 0
BOTTOM OF THE 7TH
Newark Bulldogs batting - Pitching for Rio Grande Rattlesnake : RHP Curt Watkins
Batting: LHB Marvin Morris 0-0: Ball
1-0: Ball
2-0: Ball
3-0: Base on Balls
Batting: LHB Owen Moreno 0-0: Foul Ball, location: 2F
0-1: Ball
1-1: Foul Ball, location: 2F
1-2: Fly out, F1 (Popup, 34S)
Pitching: RHP Myron Burgess
Batting: RHB Leonardo Pinto 0-0: Called Strike
0-1: Fielders Choice at 2nd, 1-6 (Groundball, 13)
Batting: RHB Carl Byrd 0-0: Foul Ball, location: 2F
0-1: Ball
1-1: Called Strike
1-2: Fly out, F4 (Popup, 4MD)
Bottom of the 7th over - 0 run(s), 0 hit(s), 0 error(s), 1 left on base; Rio Grande 4 - Newark 0
TOP OF THE 8TH
Rio Grande Rattlesnake batting - Pitching for Newark Bulldogs : RHP Jim Cook
Batting: SHB William Daly 0-0: Ground out 4-3 (Groundball, 4)
Batting: RHB Jeff Bane 0-0: Called Strike
0-1: Called Strike
0-2: Strikes out swinging
Batting: RHB Juan López 0-0: Called Strike
0-1: Called Strike
0-2: SINGLE (Groundball, 56D)
Batting: RHB Maresuke Yoshida 0-0: Ball
1-0: Ball
2-0: Foul Ball, location: 2F
2-1: Foul Ball, location: 2F
2-2: Fly out, F7 (Line Drive, 7M)
Top of the 8th over - 0 run(s), 1 hit(s), 0 error(s), 1 left on base; Rio Grande 4 - Newark 0
BOTTOM OF THE 8TH
Newark Bulldogs batting - Pitching for Rio Grande Rattlesnake : RHP Myron Burgess
Batting: RHB Pablo Gómez 0-0: Ball
1-0: Foul Ball, location: 2F
1-1: Ball
2-1: Swinging Strike
2-2: Foul Ball, location: 2F
2-2: Foul Ball, location: 2F
2-2: Ground out U3 (Groundball, 3S)
Batting: RHB Larry Booth 0-0: Ball
1-0: Ball
2-0: Called Strike
2-1: Foul Ball, location: 2F
2-2: Ball
3-2: Foul Ball, location: 2F
3-2: SINGLE (Flyball, 9LS)
Batting: LHB Rocky Whitcomb 0-0: Called Strike
0-1: Swinging Strike
0-2: Ball
1-2: Strikes out looking
Batting: RHB Emílio Salas 0-0: Ball
1-0: SINGLE (Line Drive, 9S)
Larry Booth to second
Pitching: RHP Frank Martin
Batting: RHB Randy Simons 0-0: Ball
1-0: Ball
2-0: Ball
3-0: Called Strike
3-1: Called Strike
Balk!
Larry Booth to third
Emílio Salas to second
3-2: Foul Ball, location: 2F
3-2: Base on Balls
Batting: LHB Marvin Morris 0-0: Called Strike
0-1: Swinging Strike
0-2: Foul Ball, location: 2F
0-2: Hit by Pitch
Larry Booth scores
Emílio Salas to third
Randy Simons to second
Batting: LHB Owen Moreno 0-0: Ball
1-0: Ball
2-0: Called Strike
2-1: Ball
3-1: Foul Ball, location: 2F
3-2: Strikes out swinging
Bottom of the 8th over - 1 run(s), 2 hit(s), 0 error(s), 3 left on base; Rio Grande 4 - Newark 1
TOP OF THE 9TH
Rio Grande Rattlesnake batting - Pitching for Newark Bulldogs : RHP Jim Cook
Pitching: LHP José Alaniz
Batting: RHB Doug Delaney 0-0: Ball
1-0: Ball
2-0: Ball
3-0: Base on Balls
Batting: RHB Billy Mullins 0-0: Ball
1-0: Ball
2-0: Called Strike
2-1: SINGLE (Line Drive, 56)
Doug Delaney to second
Batting: SHB Douglas Taylor 0-0: Ball
1-0: Called Strike
1-1: Ball
2-1: Ball
3-1: Base on Balls
Doug Delaney to third
Billy Mullins to second
Batting: RHB Max Jones 0-0: Called Strike
0-1: Ball
1-1: Ball
2-1: Ball
3-1: Foul Ball, location: 2F
3-2: Strikes out looking
Batting: RHB Hollis Wood 0-0: DOUBLE (Flyball, 9LD)
Doug Delaney scores
Billy Mullins scores
Douglas Taylor to third
Batting: SHB William Daly 0-0: Foul Ball, location: 2F
0-1: Ball
1-1: SINGLE (Groundball, 34D)
Douglas Taylor scores
Hollis Wood to third
Pitching: RHP Jesús Salazar
Batting: RHB Jeff Bane 0-0: Ball
1-0: Ball
2-0: SINGLE (Groundball, 34D)
Hollis Wood scores
William Daly to second
Runner from 2nd tries for 3rd, SAFE, no throw or cutoff
Batting: RHB Juan López 0-0: Called Strike
0-1: Swinging Strike
0-2: Strikes out swinging
Jeff Bane steals 2nd base
Batter strikes out.
Batting: RHB Maresuke Yoshida 0-0: Foul Ball, location: 2F
0-1: Called Strike
0-2: Foul Ball, location: 2F
0-2: Foul Ball, location: 2F
0-2: Ball
1-2: Strikes out swinging
Top of the 9th over - 4 run(s), 4 hit(s), 0 error(s), 2 left on base; Rio Grande 8 - Newark 1
BOTTOM OF THE 9TH
Newark Bulldogs batting - Pitching for Rio Grande Rattlesnake : RHP Frank Martin
Now in RF: Joe Courtier
Batting: RHB Leonardo Pinto 0-0: Swinging Strike
0-1: Ground out 4-3 (Groundball, 4)
Batting: RHB Carl Byrd 0-0: Swinging Strike
0-1: SINGLE (Groundball, 6D) (infield hit)
Batting: RHB Pablo Gómez 0-0: Called Strike
0-1: Ball
1-1: Swinging Strike
1-2: Strikes out looking
Batting: RHB Larry Booth 0-0: Ball
1-0: Foul Ball, location: 2F
1-1: Ball
2-1: Ball
3-1: Swinging Strike
3-2: Strikes out swinging
Bottom of the 9th over - 0 run(s), 1 hit(s), 0 error(s), 1 left on base; Rio Grande 8 - Newark 1
Monday, December 5th, 2016 - OOTP Baseball 17.12 Build 75